 Dungeon Crawl Stone Soup version 0.28.0-43-g3370ac3207 (webtiles) character file.

Game seed: 15298247538398812801

44 sking99 the Stinger (level 3, -2/20 HPs)
             Began as a Deep Elf Venom Mage on Mar 12, 2022.
             Slain by a hound (5 damage)
             ... on level 2 of the Dungeon.
             The game lasted 00:03:28 (1555 turns).

sking99 the Stinger (Deep Elf Venom Mage)           Turns: 1555, Time: 00:03:28

Health: -2/20      AC:  2    Str:  7    XL:     3   Next: 39%
Magic:  3/10       EV: 12    Int: 19    God:
Gold:   60         SH:  0    Dex: 15    Spells: 6/9 levels left

rFire   . . .      SeeInvis .   b - +2 dagger (venom)
rCold   . . .      Faith    .   (no shield)
rNeg    . . .      Spirit   .   a - +0 robe
rPois   .          Reflect  .   (no helmet)
rElec   .          Harm     .   (no cloak)
rCorr   .          Rampage  .   (no gloves)
Will    .....                   (no boots)
Stlth   ++........              (no amulet)
HPRegen 0.06/turn               (no ring)
MPRegen 0.12/turn               (no ring)

@: no status effects
A: no striking features
a: no special abilities


You were on level 2 of the Dungeon.
You visited 1 branch of the dungeon, and saw 2 of its levels.

You collected 60 gold pieces.

Inventory:

Hand Weapons
 b - a +2 dagger of venom (weapon)
Armour
 a - a +0 robe (worn)
Jewellery
 d - a +6 ring of dexterity
Potions
 c - a potion of curing {unknown}


   Skills:
 + Level 0.9 Fighting
 - Level 2.4 Dodging
 - Level 2.4 Stealth
 + Level 3.5 Spellcasting
 + Level 1.9 Transmutations
 + Level 0.2 Air Magic
 * Level 4.0 Poison Magic


You had 6 spell levels left.
You knew the following spells:

 Your Spells              Type           Power      Damage    Failure   Level
a - Sting                 Tmut/Pois      56%        1d5       4%          1
b - Poisonous Vapours     Pois/Air       22%        N/A       9%          2

Your spell library contained the following spells:

 Spells                   Type           Power      Damage    Failure   Level
 Mephitic Cloud           Conj/Pois/Air  8%         N/A       24%         3
 Olgreb's Toxic Radiance  Pois           18%        N/A       26%         4


Dungeon Overview and Level Annotations

Branches:
Dungeon (2/15)

Altars:

Shops:
D:2 =


Message History

Press: ? - help, Dir - move target, f - hound
Aim: a hound (wandering, hasn't noticed you) Poisonous vapours surround the hound!
The hound is poisoned.
The hound barks!
Casting: Poisonous Vapours (safe; 9% risk of failure)
Confirm with . or Enter, or press ? or * to list all spells.
Aiming: Poisonous Vapours (safe; 9% risk of failure)
Press: ? - help, Dir - move target, f/p - hound
Aim: a hound (lightly wounded, poisoned) Poisonous vapours surround the hound!
The hound looks even sicker.
The hound stops to sniff the ground.
Casting: Poisonous Vapours (safe; 9% risk of failure)
Confirm with . or Enter, or press ? or * to list all spells.
Aiming: Poisonous Vapours (safe; 9% risk of failure)
Press: ? - help, Dir - move target, f/p - hound
Aim: a hound (lightly wounded, very poisoned) Poisonous vapours surround the hound!
The hound looks even sicker.
Casting: Poisonous Vapours (safe; 9% risk of failure)
Confirm with . or Enter, or press ? or * to list all spells.
Aiming: Sting (safe; 4% risk of failure)
Press: ? - help, Shift-Dir - straight line, f/p - hound
Aim: a hound (lightly wounded, very poisoned, 60% to hit)
The sting misses the hound.
The hound closely misses you. The hound barely misses you.
Casting: Sting (safe; 4% risk of failure)
Confirm with . or Enter, or press ? or * to list all spells.
Aiming: Sting (safe; 4% risk of failure)
Press: ? - help, Shift-Dir - straight line, f/p - hound
Aim: a hound (lightly wounded, very poisoned, 60% to hit)
The sting hits the hound.
The hound looks as sick as possible!
The hound is moderately wounded.
The hound bites you.
You hit the hound.
The hound looks as sick as possible!
The hound is heavily wounded.
The hound bites you. x2
* * * LOW HITPOINT WARNING * * *
You closely miss the hound.
The hound is almost dead.
The hound barely misses you. The hound bites you.
You die...

#.###.# #.............##.#
#.#...# #.#..........###.# ..
#...### #.#........#.###.#
....#..#########.........(.......
.......................>..#......
....##......#.##..........#......
.........##...##.# .......#...)†.
.....#.#.#.......# ##.#####.###†.
(###.......###.h@# .. ......... .
#...h#...#...)# # .........
......#.#...#..# #.##..........
#####........#..#...######....#.
#..#.#.∩...†...... #..#.#.
#....#.......#..# #..#.#.
..##.##.>#...##..# .#...... #
#..........##.# ....##..
#.............. ##......


You could see a hound (extremely poisoned).

Vanquished Creatures
  A worm (D:2)
  2 dart slugs
  3 ball pythons (D:1)
  4 bats
  A giant cockroach (D:1)
  2 goblins (D:1)
  3 hobgoblins
  3 jackals (D:1)
  2 quokkas
  8 frilled lizards
  3 kobolds
  4 rats (D:1)
36 creatures vanquished.

Notes
Turn   | Place    | Note
-------+----------+-------------------------------------------
     0 | D:1      | sking99 the Deep Elf Venom Mage began the quest for the
                  | Orb.
     0 | D:1      | Reached XP level 1. HP: 10/10 MP: 6/6
   159 | D:1      | Reached XP level 2. HP: 11/15 MP: 5/8
   228 | D:1      | Found a faded altar of an unknown god.
   581 | D:1      | Learned a level 2 spell: Poisonous Vapours
   977 | D:1      | Reached XP level 3. HP: 20/20 MP: 2/9
  1249 | D:2      | Reached skill level 4 in Poison Magic
  1474 | D:2      | Found Hoyfos's Jewellery Shop.
  1555 | D:2      | Slain by a hound

Illustrated notes

Levels and vault maps discovered:
D:1:      heliophobic_arrival_battle_scene, layout_basic,
          basic_ecumenical_altar, minmay_lizard_pond
D:2:      layout_rooms, serial_shops, shop, uniq_terence

Skill      XL: |  1  2  3 |
---------------+----------+-----
Poison Magic   | 4 |  4.0
Fighting       | |  0.9
Dodging        | |  2.4
Stealth        | |  2.4
Spellcasting   | |  3.5
Transmutations | |  1.9
Air Magic      | |  0.2

Action                   || total
-------------------------++-------
Melee: Dagger            ||     8
 Cast: Sting             ||    58
       Poisonous Vapours ||     5
Armor: Robe              ||     4
Dodge: Dodged            ||    21
